 Dungeon Crawl Stone Soup version 0.16.1 (webtiles) character file.

102 Minkie the Chucker (level 4, -5/48 HPs)
             Began as an Ogre Hunter on Mar 24, 2015.
             Slain by Robin
             ... wielding a +0 spear
              (7 damage)
             ... on level 3 of the Dungeon.
             The game lasted 00:06:53 (2089 turns).

Minkie the Chucker (Ogre Hunter)                    Turns: 2089, Time: 00:06:53

Health: -5/48      AC:  3    Str: 17    XL:     4   Next: 77%
Magic:  4/4        EV: 10    Int: 11    God:
Gold:   94         SH:  0    Dex: 10    Spells: 0 memorised, 3 levels left

rFire  . . .     SeeInvis .     i - +0 mace
rCold  . . .     Clarity  .     d - +0 animal skin
rNeg   . . .     SustAb   .     (shield restricted)
rPois  .         Gourm    .     (helmet restricted)
rElec  .         Spirit   .     (no cloak)
rCorr  .         Warding  .     (gloves unavailable)
rMut   .         Stasis   .     (boots unavailable)
MR     .....                    (no amulet)
Stlth  +.........               (no ring)
                                (no ring)

@: not resistant to hostile enchantments, very unstealthy
A: unfitting armour, tough skin 1
a: no special abilities


You were on level 3 of the Dungeon.
You were not hungry.

You visited 1 branch of the dungeon, and saw 3 of its levels.

You collected 94 gold pieces.

Inventory:

Hand weapons
 i - a +0 mace (weapon)
Missiles
 b - 5 large rocks (quivered)
 c - 3 throwing nets
Armour
 d - a +0 animal skin (worn)
Scrolls
 e - 2 scrolls of identify {unknown}
 l - a scroll of teleportation {unknown}
Potions
 g - 2 potions of ambrosia {unknown}
 h - a potion of restore abilities {unknown}
 j - 2 potions of heal wounds {unknown}
 n - a potion of beneficial mutation {unknown}
 o - a potion of agility {unknown}
Comestibles
 a - 3 fruits
 f - a meat ration
 k - a bread ration


   Skills:
 + Level 4.2 Fighting
 * Level 3.2 Maces & Flails
 - Level 4.3 Throwing
 + Level 2.7 Dodging
 - Level 0.7 Stealth


You had 3 spell levels left.
You didn't know any spells.

Dungeon Overview and Level Annotations

Branches:
Dungeon (3/15)

Altars:

Annotations:
D:3 Robin


Innate Abilities, Weirdness & Mutations

You are too large for most types of armour.
You have tough skin (AC +1).


Message History

The hobgoblin shouts!
Robin hits you with a spear.
* * * LOW HITPOINT WARNING * * *
You hit Robin but do no damage. Robin barely misses you.
You barely miss Robin. Robin throws the goblin at you!
* * * LOW HITPOINT WARNING * * *
The goblin hits you.
* * * LOW HITPOINT WARNING * * *
A goblin and a hobgoblin come into view.
The hobgoblin shouts!
The goblin shouts!
You hit Robin but do no damage. The goblin hits you.
* * * LOW HITPOINT WARNING * * *
Robin throws the goblin at you!
* * * LOW HITPOINT WARNING * * *
The goblin hits you.
* * * LOW HITPOINT WARNING * * *
You barely miss Robin. The goblin closely misses you.
The ball python bites you but does no damage.
Robin hits you with a spear!
You die...

........####........
.....g...##....(....S
.....g...##.#........
#.##....##((.#........ #.
#g...g..#####...###
#.##.g###### #..###
###....g.# #####..#
........gS# #.....##
#......@.# ##.#...#
...#>..g.g# #....###
....#.......###..###
...#..####.###..##
.##.....##........#
................## #######
#...........[...# #.....#
#...........)...###.....#
o..###...........†..........#


You could see Robin, 3 hobgoblins, 4 goblins and a ball python.

Vanquished Creatures
  An orc wizard (D:3)
  2 adders
  A giant mite (D:2)
  2 giant geckos (D:2)
  2 orcs (D:3)
  3 giant cockroaches
  9 goblins
  7 hobgoblins (D:2)
  A ball python (D:1)
  8 bats
  2 giant newts
  2 jackals (D:1)
  3 kobolds
  4 rats
47 creatures vanquished.

Notes
Turn   | Place    | Note
--------------------------------------------------------------
     0 | D:1      | Minkie, the Ogre Hunter, began the quest for the Orb.
     0 | D:1      | Reached XP level 1. HP: 22/22 MP: 1/1
   398 | D:1      | Reached XP level 2. HP: 31/31 MP: 2/2
   544 | D:1      | Reached skill level 1 in Maces & Flails
   979 | D:2      | Reached XP level 3. HP: 32/37 MP: 3/3
  1732 | D:2      | Reached XP level 4. HP: 48/48 MP: 4/4
  2081 | D:3      | Noticed Robin
  2088 | D:3      | HP: 2/48 [goblin[Robin] (2)]
  2089 | D:3      | Slain by Robin

Action                   |  1- 3 |  4- 6 || total
-------------------------+-------+-------++-------
Melee: Short sword       |    16 |       ||    16
       Mace              |    94 |    54 ||   148
Throw: Large rock        |     3 |     2 ||     5
  Eat: Chunk             |     3 |     1 ||     4
